 Seeded DCSS version 0.31-a0-177-g4aa6249778 (webtiles) character file.

Game seed: 8346848676041322934 (custom seed)

20 innerfire43 the Trooper (level 2, -1/24 HPs)
             Began as a Demonspawn Monk on June 18, 2023.
             Slain by a goblin
             ... wielding a +0 club
              (2 damage)
             ... on level 2 of the Dungeon.
             The game lasted 00:00:56 (886 turns).

innerfire43 the Trooper (Demonspawn Monk)            Turns: 886, Time: 00:00:57

Health: -1/24      AC:  2    Str: 11    XL:     2   Next: 58%
Magic:  2/2        EV: 13    Int: 11    God:
Gold:   47         SH:  4    Dex: 15    Spells: 1/1 levels left

rFire   + . .        a - +0 spear
rCold   . . .        d - orb {light}
rNeg    . . .        b - +0 robe
rPois   .            (no helmet)
rElec   .            (no cloak)
rCorr   .            (no gloves)
SInv    .            (no boots)
Will    .....        (no amulet)
Stlth   +            (no ring)
HPRegen 0.24/turn    (no ring)
MPRegen 0.08/turn

%: no passive effects
@: brilliant, glowing
A: demonic touch 1, large bone plates 1, fire resistance 1
a: no special abilities


You were on level 2 of the Dungeon.
You visited 1 branch of the dungeon, and saw 2 of its levels.

You collected 47 gold pieces.

Inventory:

Hand Weapons
 a - a +0 spear (weapon)
Armour
 b - a +0 robe (worn)
 d - an orb of light (worn)
Scrolls
 e - a scroll of poison {unknown}
 g - a scroll of immolation {unknown}
 j - a scroll of enchant armour {unknown}
Potions
 c - a potion of ambrosia
 f - a potion of resistance {unknown}


   Skills:
 + Level 3.2 Fighting
 + Level 3.1 Polearms
 + Level 3.0 Dodging


You had one spell level left.
You didn't know any spells.
Your spell library was empty.

Dungeon Overview and Level Annotations

Branches:
Dungeon (2/15)

Altars:


Innate Abilities, Weirdness & Mutations

Your touch may inflict minor irresistible damage on your foes.
You are partially covered in large bone plates. (SH +4)
Your flesh is heat resistant. (rF+)


Message History

You hit the kobold.
The kobold is moderately wounded.
The frilled lizard bites you but does no damage.
The kobold barely misses you. The goblin closely misses you.
You barely miss the kobold.
The kobold is moderately wounded.
The kobold hits you with a +2 dagger of speed.
The frilled lizard misses you. The goblin barely misses you.
The kobold hits you with a +2 dagger of speed.
You are too injured to fight recklessly!
You are too injured to fight recklessly!
You are too injured to fight recklessly!
You are too injured to fight recklessly!
The kobold throws a stone.
The stone barely misses you. The goblin barely misses you.
The goblin hits you with a +0 club.
* * * LOW HITPOINT WARNING * * *
It was a potion of brilliance.
You feel clever all of a sudden.
The frilled lizard completely misses you.
The goblin hits you with a +0 club.
* * * LOW HITPOINT WARNING * * *
It was a potion of mutation.
You feel extremely strange.
Large bone plates grow over parts of your arms.
You feel resistant to heat. The frilled lizard barely misses you.
The goblin completely misses you. The goblin attacks as you move away!
The goblin closely misses you.
The frilled lizard attacks as you move away!
You block the frilled lizard's attack.
You barely miss the kobold.
The kobold is moderately wounded.
The kobold hits you with a +2 dagger of speed.
* * * LOW HITPOINT WARNING * * *
The frilled lizard barely misses you.
You hit the kobold.
You kill the kobold!
The frilled lizard bites you.
* * * LOW HITPOINT WARNING * * *
The goblin hits you with a +0 club.
You die...

#...........
####...........
#.............. ?..
#.............. #..
#............$.
...#.......)......
# #.#.......?....##
#.#.......g)l....#
##........†.@######
.......#.#####
........†....#
.............#
........#..#.###
........#..#...#
........#..#.#.###
.................#
..........##.##..#


You could see a goblin and a frilled lizard.

Vanquished Creatures
  A dart slug (D:2)
  A ball python (D:1)
  4 endoplasms
  2 goblins
  A hobgoblin (D:1)
  A quokka (D:1)
  2 bats
  3 kobolds
  4 rats
19 creatures vanquished.

Notes
Turn   | Place    | Note
-------+----------+-------------------------------------------
     0 | D:1      | innerfire43 the Demonspawn Monk began the quest for the
                  | Orb.
     0 | D:1      | Reached XP level 1. HP: 18/18 MP: 1/1
   192 | D:1      | Gained mutation: Your touch may inflict minor irresistible
                  | damage on your foes. [demonic ancestry]
   192 | D:1      | Reached XP level 2. HP: 24/24 MP: 2/2
   883 | D:2      | Gained mutation: You are partially covered in large bone
                  | plates. (SH +4) [potion of mutation]
   883 | D:2      | Gained mutation: Your flesh is heat resistant. (rF+)
                  | [potion of mutation]
   886 | D:2      | HP: 1/24 [frilled lizard (2)]
   886 | D:2      | Slain by a goblin

Illustrated notes

Levels and vault maps discovered:
D:1:      saegor_arrival_simple_c, layout_basic
D:2:      layout_basic, shapermc_ecumenical_altar_hornbeckon

Skill      XL: |  1  2 |
---------------+-------+-----
Polearms       | 3 |  3.1
Dodging        | 3 |  3.0
Fighting       | |  3.2

Action                     || total
---------------------------++-------
  Melee: Spear             ||    56
    Use: Potion            ||     2
   Stab: Sleeping          ||     1
 Armour: Robe              ||     7
  Dodge: Dodged            ||    38
  Block: Orb               ||     1

Table legend: (Time is in decaauts)
 A = Elapsed time spent in this place.
 B = Non-inter-level travel time spent in this place.
 C = Inter-level travel time spent in this place.
 D = Time resting spent in this place.
 E = Time spent auto-exploring this place.
 F = Levels seen in this place.
 G = Mean time per level.
                   A        B        C        D        E       F      G
               +--------+--------+--------+--------+--------+-----+--------+
         Total |    884 |    738 |    146 |      0 |    621 |   2 |  442.0 |
       Dungeon |    884 |    738 |    146 |      0 |    621 |   2 |  442.0 |
               +--------+--------+--------+--------+--------+-----+--------+

Top non-repeatable levels by time:
     D:1: 822 daAuts
     D:2: 61 daAuts
